 Dungeon Crawl Stone Soup version 0.29.1-15-g9cfb28693d (webtiles) character file.

Game seed: 16923292338641395087

2656 Renzlar the Blocker (level 9, -2/70 (74) HPs)
             Began as a Gnoll Fighter on Mar 14, 2023.
             Slain by a wight
             ... wielding a +0 flail
              (11 damage)
             ... on level 7 of the Dungeon.
             The game lasted 00:20:09 (7267 turns).

Renzlar the Blocker (Gnoll Fighter)                 Turns: 7267, Time: 00:20:09

HP:   -2/70 (74)    AC: 12    Str: 19    XL:     9   Next: 62%
MP:   15/15         EV: 11    Int:  7    God:
Gold: 186           SH:  6    Dex: 13    Spells: 17/17 levels left

rFire   . . .      SeeInvis .   d - +5 morningstar
rCold   . . .      Faith    .   g - +0 buckler
rNeg    . . .      Spirit   .   b - +0 scale mail
rPois   .          Reflect  .   l - +1 helmet
rElec   .          Harm     .   (no cloak)
rCorr   .          Rampage  .   v - +1 pair of gloves
Will    .....                   (no boots)
Stlth   +.........              (no amulet)
HPRegen 0.21/turn               (no ring)
MPRegen 0.14/turn               (no ring)

@: drained
A: fangs 1, strong nose, distributed training
a: no special abilities


You were on level 7 of the Dungeon.
You visited 2 branches of the dungeon, and saw 8 of its levels.

You collected 282 gold pieces.
You spent 96 gold pieces at shops.

Inventory:

Hand Weapons
 a - a +1 war axe
 c - a +1 sling of flaming
 d - a +5 morningstar (weapon)
 f - a +5 dagger
Missiles
 e - 3 curare-tipped darts (quivered)
 h - 6 poisoned darts
 r - 4 throwing nets
Armour
 b - a +0 scale mail (worn)
 g - a +0 buckler (worn)
 l - a +1 helmet (worn)
 v - a +1 pair of gloves (worn)
Jewellery
 j - a ring of resist corrosion
 n - a ring of protection from cold
Wands
 k - a wand of charming (7)
 m - a wand of flame (37)
 t - a wand of roots (7)
 u - a wand of mindburst (26)
Scrolls
 i - a scroll of silence
 p - 2 scrolls of identify
 s - a scroll of teleportation
Potions
 o - 3 potions of curing
 q - a potion of flight
 w - 2 potions of might
 x - a potion of haste


   Skills:
 + Level 8.1 Fighting
 + Level 4.6 Short Blades
 + Level 4.6 Long Blades
 + Level 6.5 Axes
 + Level 4.6 Maces & Flails
 + Level 4.6 Polearms
 + Level 4.6 Staves
 + Level 4.6 Ranged Weapons
 + Level 4.6 Throwing
 + Level 8.1 Armour
 + Level 4.6 Dodging
 + Level 4.6 Stealth
 + Level 8.1 Shields
 + Level 4.6 Unarmed Combat
 + Level 4.6 Spellcasting
 + Level 3.8 Conjurations
 + Level 3.8 Hexes
 + Level 3.8 Summonings
 + Level 3.8 Necromancy
 + Level 3.8 Translocations
 + Level 3.8 Transmutations
 + Level 3.8 Fire Magic
 + Level 3.8 Ice Magic
 + Level 3.8 Air Magic
 + Level 3.8 Earth Magic
 + Level 3.8 Poison Magic
 + Level 5.0 Invocations
 + Level 4.6 Evocations


You had 17 spell levels left.
You didn't know any spells.
Your spell library contained the following spells:

 Spells                   Type           Power      Damage    Failure   Level
 Apportation              Tloc           12%        N/A       21%         1
 Beastly Appendage        Tmut           12%        N/A       21%         1
 Necrotise                Necr           24%        1d5       21%         1
 Summon Small Mammal      Summ           24%        N/A       21%         1
 Wereblood                Tmut           6%         N/A       30%         2
 Conjure Flame            Conj/Fire      6%         6-21      52%         3
 Ignite Poison            Fire/Tmut/Pois 6%         N/A       52%         3
 Spider Form              Tmut/Pois      6%         N/A       52%         3
 Sticky Flame             Conj/Fire      6%         2d3       89%         4


Dungeon Overview and Level Annotations

Branches:
Dungeon (7/15)             Temple (1/1) D:6

Altars:
Ashenzari
Cheibriados
Elyvilon
Fedhas
Gozag
Hepliaklqana
Kikubaaqudgha
Makhleb
Nemelex Xobeh
Qazlal
Ru
Sif Muna
Trog
Vehumet
Wu Jian
Yredelemnul
Zin
The Shining One

Shops:
D:6 !

Annotations:
D:3 3 runed translucent doors, melkoren's ghost, weakling DsGl


Innate Abilities, Weirdness & Mutations

You have very sharp teeth.
Your uncanny sense of smell can sniff out nearby items.
Your experience applies equally to all skills.


Message History

The wight hits you but does no damage. The wight misses you.
Your life force feels restored.
The wight closely misses you. The wight hits you with a +0 spear!
You see here a hound corpse.
You thump the wight! Your bite misses the wight.
The wight is almost destroyed.
The wight hits you with a +0 spear.
* * * LOW HITPOINT WARNING * * *
You feel drained.
* * * LOW HITPOINT WARNING * * *
The wight hits you with a +0 flail.
* * * LOW HITPOINT WARNING * * *
You feel drained.
* * * LOW HITPOINT WARNING * * *
You hit the wight.
You destroy the wight!
The wight closely misses you. The wight hits you with a +0 flail.
* * * LOW HITPOINT WARNING * * *
Unknown command.
You puncture the wight!
The wight is severely damaged.
The wight barely misses you.
You closely miss the wight.
The wight is severely damaged.
The hound bites you.
* * * LOW HITPOINT WARNING * * *
You block the wight's attack.
Unknown command.
You closely miss the wight.
The wight is severely damaged.
You block the hound's attack. The hound bites you but does no damage.
The wight hits you with a +0 flail.
* * * LOW HITPOINT WARNING * * *
You feel drained.
* * * LOW HITPOINT WARNING * * *
The hound barely misses you.
You barely miss the wight. You bite the wight, but do no damage.
The wight is severely damaged.
The wight hits you with a +0 flail!
You die...

..###...##*....)...,,...,,***,***
..#......###.......,....,**,,,,,*
..........##.......,...,,**,,,,,*
..##.............##...#*,**,,,,,*
.,*#..............#.#.##,**,,,,,*
,,,#..<......<.........#,**,,,,,*
,........†[.......#.....,**,,,,,*
.......###........#..##.,,*******
.....### #.>...z@.......,,,*****,
.....**###......h.#..##.,,,,,,,,,
.....*,#................**,,,,,**
,..,,.............##....,**,**,,,
,,*,,.##.........##**...,*****,,*
,**,,,,#.........+,,**..,,,,,,,,*
,,***,...........+∆,**,.,,,,,,>,,
,,* **.#.$#+++#..#***,,,,,,,,,,,,
,,***,,..#*,,,##..**,,,,,,,,,,,,,


You could see a hound and a wight.

Vanquished Creatures
  Eustachio (D:4)
  Edmund (D:5)
  Duvessa (D:4)
  An orc warrior (D:6)
  2 sky beasts
  A black bear (D:5)
  2 ice beasts
  A wolf (D:7)
  An ogre (D:4)
  A centaur (D:7)
  3 phantoms
  A bullfrog (D:7)
  A necrophage (D:6)
  2 scorpions
  4 wights
  Dowan (D:4)
  2 jellies (D:4)
  A gnoll bouda (D:5)
  An orc priest (D:4)
  5 hounds
  3 iguanas
  Natasha (twice) (D:4)
  4 orc wizards
  Robin (D:2)
  11 gnolls
  7 adders
  A shadow imp (D:7)
  An ufetubus (D:5)
  2 worms
  2 dart slugs (D:2)
  9 orcs
  5 ball pythons
  4 endoplasms
  2 giant cockroaches (D:1)
  13 goblins
  8 hobgoblins
  6 jackals (D:1)
  4 kobolds
  3 quokkas
  9 bats
  4 frilled lizards
  5 rats
139 creatures vanquished.

Vanquished Creatures (others)
  5 fungi
  9 plants (D:1)
14 creatures vanquished.

Grand Total: 153 creatures vanquished

Notes
Turn   | Place    | Note
-------+----------+-------------------------------------------
     0 | D:1      | Renzlar the Gnoll Fighter began the quest for the Orb.
     0 | D:1      | Reached XP level 1. HP: 23/23 MP: 1/1
   159 | D:1      | Reached XP level 2. HP: 29/29 MP: 2/2
   166 | D:1      | Found a faded altar of an unknown god.
   712 | D:1      | Reached XP level 3. HP: 35/35 MP: 3/3
   775 | D:2      | Noticed Robin
   959 | D:1      | Reached skill level 1 in Invocations
  1080 | D:2      | Killed Robin
  1081 | D:2      | Reached skill level 1 in Short Blades
  1081 | D:2      | Reached skill level 1 in Long Blades
  1081 | D:2      | Reached skill level 1 in Maces & Flails
  1081 | D:2      | Reached skill level 1 in Polearms
  1081 | D:2      | Reached skill level 1 in Staves
  1081 | D:2      | Reached skill level 1 in Ranged Weapons
  1081 | D:2      | Reached skill level 1 in Throwing
  1081 | D:2      | Reached skill level 1 in Dodging
  1081 | D:2      | Reached skill level 1 in Stealth
  1081 | D:2      | Reached skill level 1 in Unarmed Combat
  1081 | D:2      | Reached skill level 1 in Spellcasting
  1081 | D:2      | Reached skill level 1 in Evocations
  1188 | D:2      | Reached XP level 4. HP: 41/41 MP: 5/5
  1390 | D:2      | Reached skill level 1 in Conjurations
  1390 | D:2      | Reached skill level 1 in Hexes
  1390 | D:2      | Reached skill level 1 in Summonings
  1390 | D:2      | Reached skill level 1 in Necromancy
  1390 | D:2      | Reached skill level 1 in Translocations
  1390 | D:2      | Reached skill level 1 in Transmutations
  1390 | D:2      | Reached skill level 1 in Fire Magic
  1390 | D:2      | Reached skill level 1 in Ice Magic
  1390 | D:2      | Reached skill level 1 in Air Magic
  1390 | D:2      | Reached skill level 1 in Earth Magic
  1390 | D:2      | Reached skill level 1 in Poison Magic
  1615 | D:3      | Found a snail-covered altar of Cheibriados.
  1688 | D:3      | Found a runed translucent gate.
  1688 | D:3      | Found a runed translucent gate.
  1691 | D:3      | Found a runed translucent gate.
  1692 | D:3      | Noticed melkoren's ghost (weakling DsGl)
  1880 | D:3      | Reached XP level 5. HP: 45/47 MP: 5/7
  2001 | D:3      | Noticed a kobold brigand
  2568 | D:4      | Noticed Dowan
  2570 | D:4      | Noticed Duvessa
  2582 | D:4      | Killed Duvessa
  2583 | D:4      | Reached skill level 5 in Axes
  2583 | D:4      | Reached XP level 6. HP: 42/53 MP: 7/9
  2586 | D:4      | Killed Dowan
  2721 | D:4      | Noticed Natasha
  2735 | D:4      | Killed Natasha
  2898 | D:4      | Reached XP level 7. HP: 20/59 MP: 10/10
  3097 | D:4      | Noticed Natasha
  3105 | D:4      | Killed Natasha
  3526 | D:4      | Noticed Eustachio
  3534 | D:4      | Killed Eustachio
  4014 | D:5      | Entered Level 5 of the Dungeon
  4079 | D:5      | Reached XP level 8. HP: 61/67 MP: 12/12
  4140 | D:5      | Found a glowing silver altar of Zin.
  4404 | D:5      | Noticed Edmund
  4427 | D:5      | Killed Edmund
  6062 | D:6      | Reached XP level 9. HP: 54/73 MP: 14/14
  6168 | D:6      | Found a staircase to the Ecumenical Temple.
  6176 | Temple   | Entered the Ecumenical Temple
  6655 | D:6      | Found Asmyud's Distillery.
  6659 | D:6      | Bought a potion of might for 48 gold pieces
  6659 | D:6      | Bought a potion of might for 48 gold pieces
  7231 | D:7      | Reached skill level 5 in Invocations
  7267 | D:7      | Slain by a wight

Illustrated notes

Levels and vault maps discovered:
D:1:      spicycebolla_arrival_clurvy, layout_loops_cross,
          shapermc_ecumenical_altar_mp_ritualfount
D:2:      layout_rooms, uniq_robin
D:3:      layout_loops_ring, mainiacjoe_overflow_catwalk,
          gammafunk_ghost_nasty_kobolds
D:4:      minmay_razor_zed, layout_basic, uniq_eustachio, uniq_natasha,
          uniq_duvessa
D:5:      layout_basic, lemuel_tele_altar, hangedman_decor_peaks_small,
          uniq_edmund
D:6:      layout_loops_corners, minmay_temple_entry_junction, serial_shops,
          shop, st_stairs_5, minmay_misc_feat_columns
D:7:      layout_cave_pools, serial_gnoll_camp, gnoll_camp_medium_01,
          gnoll_camp_mini_house, grums_kennel, gnoll_camp_mini_basic,
          gnoll_camp_mini_doghouse, enter_ossuary_1, uniq_crazy_yiuf_cottage
Temple:   regret_index_temple_sphere_string

Skill      XL: |  1  2  3  4  5  6  7  8  9 |
---------------+----------------------------+-----
Invocations    | 1 2 3 4 5 |  5.0
Short Blades   | 1 2 3 4 |  4.6
Long Blades    | 1 2 3 4 |  4.6
Maces & Flails | 1 2 3 4 |  4.6
Polearms       | 1 2 3 4 |  4.6
Staves         | 1 2 3 4 |  4.6
Ranged Weapons | 1 2 3 4 |  4.6
Throwing       | 1 2 3 4 |  4.6
Dodging        | 1 2 3 4 |  4.6
Stealth        | 1 2 3 4 |  4.6
Unarmed Combat | 1 2 3 4 |  4.6
Spellcasting   | 1 2 3 4 |  4.6
Evocations     | 1 2 3 4 |  4.6
Conjurations   | 1 2 3 |  3.8
Hexes          | 1 2 3 |  3.8
Summonings     | 1 2 3 |  3.8
Necromancy     | 1 2 3 |  3.8
Translocations | 1 2 3 |  3.8
Transmutations | 1 2 3 |  3.8
Fire Magic     | 1 2 3 |  3.8
Ice Magic      | 1 2 3 |  3.8
Air Magic      | 1 2 3 |  3.8
Earth Magic    | 1 2 3 |  3.8
Poison Magic   | 1 2 3 |  3.8
Axes           | 5 6 |  6.5
Fighting       | 7 8 |  8.1
Armour         | 7 8 |  8.1
Shields        | 7 8 |  8.1

Action                   |  1- 3 |  4- 6 |  7- 9 || total
-------------------------+-------+-------+-------++-------
Melee: War axe           |    54 |    67 |   249 ||   370
       Bite              |     5 |     5 |    32 ||    42
       Morningstar       |       |       |    10 ||    10
 Fire: Sling             |    37 |    91 |    93 ||   221
Throw: Dart              |       |       |     2 ||     2
  Use: Scroll            |       |    10 |     2 ||    12
       Potion            |       |     2 |     1 ||     3
Armor: Scale mail        |    35 |    42 |   118 ||   195
Dodge: Dodged            |    33 |    36 |   142 ||   211
Block: Buckler           |    20 |    18 |    91 ||   129
